 Dungeon Crawl Stone Soup version 0.14.0-26-g1682e81 (webtiles) character file.

234 Heini the Covered (level 5, -7/47 HPs)
             Began as a Hill Orc Fighter on Apr 27, 2014.
             Killed by divine providence
             ... invoked by an orc priest
              (9 damage)
             ... on Level 3 of the Dungeon.
             The game lasted 00:06:07 (2275 turns).

Heini the Covered (Hill Orc Fighter)                Turns: 2275, Time: 00:06:07

HP  -7/47        AC  7     Str 20      XL: 5   Next: 57%
MP   5/5         EV  6     Int  8      God:
Gold 57          SH 16     Dex 10      Spells:  0 memorised,  4 levels left

rFire  . . .     SeeInvis .     a - +0 war axe
rCold  . . .     Clarity  .     b - +0 scale mail
rNeg   . . .     Conserve .     c - +0 shield
rPois  .         rCorr    .     (no helmet)
rElec  .         rRot     .     n - +0 cloak
SustAb . .       Spirit   .     (no gloves)
rMut   .         Warding  .     (no boots)
Saprov + . .     Stasis   .     (no amulet)
MR     .....                    (no ring)
                                (no ring)

@: slowed, heavily drained, very slow, not resistant to hostile enchantments,
extremely unstealthy
A: saprovore 1
a: Convert to Beogh


You were on level 3 of the Dungeon.
You were not hungry.

You visited 1 branch of the dungeon, and saw 4 of its levels.

You collected 57 gold pieces.

Inventory:

Hand weapons
 a - a +0,+0 war axe (weapon)
Armour
 b - a +0 scale mail (worn)
 c - a +0 shield (worn)
 n - a +0 cloak (worn)
 y - a +0 pair of boots
Magical devices
 q - a wand of slowing (21)
 v - a wand of frost (8) {unknown}
Comestibles
 d - 3 meat rations
 h - an apple
 m - a sausage
Scrolls
 j - a scroll of identify {unknown}
 k - a scroll of remove curse {unknown}
 o - a scroll of fear {unknown}
 t - a scroll of enchant weapon I {unknown}
Jewellery
 p - a cursed ring of teleport control {unknown}
 u - an uncursed amulet of resist corrosion {unknown}
 x - a cursed ring of hunger {unknown}
Potions
 e - 2 potions of might
 f - 2 potions of lignification {unknown}
 g - 2 potions of haste {unknown}
 i - 4 potions of curing {unknown}
 l - 2 potions of degeneration {unknown}
 r - a potion of heal wounds {unknown}
 s - a potion of resistance {unknown}
 z - a potion of restore abilities {unknown}


   Skills:
 * Level 4.7(2.7) Fighting
 * Level 4.4(2.4) Axes
 * Level 5.0(3.0) Armour
 - Level 0.1(0.0) Dodging
 - Level 3.5(1.6) Shields


You had 4 spell levels left.
You didn't know any spells.

Dungeon Overview and Level Annotations

Branches:
Dungeon (4/15)
 Temple: D:4-7

Altars:
Cheibriados
Elyvilon
Vehumet

Annotations:
D:3 Edmund


Innate Abilities, Weirdness & Mutations

You can tolerate rotten meat.


Message History

Edmund zaps a wand.
You easily resist.
The orc priest looks braver.
There is a stone staircase leading up here.
You can't go down here!
Edmund hits you but does no damage.
You feel drained.
The orc priest shouts, "Join the one true god or die!"
You block the orc priest's attack. Edmund hits you but does no damage.
You feel drained.
You climb upwards.
There is a stone staircase leading down here.
The orc priest completely misses you.
The orc priest hits you with a falchion.
* * * LOW HITPOINT WARNING * * *
You block Edmund's attack.
There is an open door here.
You block the orc priest's attack.
Edmund clears his throat.
The orc priest mumbles some strange prayers to Beogh against you.
Something smites you!
You die...

#.......# #####...###
##.....####### #............#
#............# #............#
########### #............#
#.........#
##............#######.........#
.'............'.@o@##)........#
##............####..'..>.)....#
##'########### ####.........#
#.# #.........# #.######
####'###### #......## #...#
######..# #########'##
#####'#### ###<.........#
#........# #.'..........#


You could see Edmund and an orc priest.

Vanquished Creatures
  2 orc wizards (D:3)
  An adder (D:2)
  4 gnolls (D:3)
  An ooze (D:2)
  8 orcs
  7 bats
  3 giant cockroaches
  2 goblins
  10 hobgoblins
  6 jackals (D:3)
  3 quokkas
  A ball python (D:3)
  3 giant newts
  8 kobolds
  6 rats
65 creatures vanquished.

Notes
Turn   | Place    | Note
--------------------------------------------------------------
     0 | D:1      | Heini, the Hill Orc Fighter, began the quest for the Orb.
     0 | D:1      | Reached XP level 1. HP: 19/19 MP: 1/1
   268 | D:1      | Reached XP level 2. HP: 27/27 MP: 2/2
   371 | D:1      | Reached skill level 4 in Fighting
   720 | D:2      | Reached XP level 3. HP: 33/33 MP: 3/3
   758 | D:2      | Found a snail-covered altar of Cheibriados.
   943 | D:2      | Found a white marble altar of Elyvilon.
  1553 | D:3      | Found a radiant altar of Vehumet.
  1570 | D:3      | Reached XP level 4. HP: 30/41 MP: 4/4
  1906 | D:3      | Reached XP level 5. HP: 38/47 MP: 5/5
  1994 | D:3      | Reached skill level 5 in Armour
  2247 | D:4      | Noticed Edmund
  2263 | D:4      | HP: 2/47 [orc priest/falchion (2)]
  2271 | D:3      | HP: 2/47 [orc priest/falchion (2)]
  2275 | D:3      | Killed from afar by an orc priest

Action                   |  1- 3 |  4- 6 || total
-------------------------+-------+-------++-------
Melee: War axe           |   165 |    86 ||   251
